| TOP OF THE 1ST |
|
Colorado (EL) Rockies batting - Pitching for Columbia Fireflies : RHP Bryan Dorne
|
|
Pitching: RHP Bryan Dorne
|
|
|
Batting: SHB Bobby Santor
|
0-0: Ball 1-0: Ball 2-0: Foul Ball, location: 2F 2-1: Swinging Strike 2-2: Foul Ball, location: 2F 2-2: Strikes out swinging, 2-3 out at first.
|
|
Batting: SHB Jamie Mims
|
0-0: Ball 1-0: Swinging Strike 1-1: Foul Ball, location: 2F 1-2: Strikes out swinging
|
|
Batting: LHB Mick Tucker
|
0-0: Called Strike 0-1: Swinging Strike 0-2: Strikes out swinging
|
| Top of the 1st over - 0 runs, 0 hits, 0 errors, 0 left on base; Colorado (EL) 0 - Columbia 0 |
| BOTTOM OF THE 1ST |
|
Columbia Fireflies batting - Pitching for Colorado (EL) Rockies : RHP D.J. Pedroza
|
|
Pitching: RHP D.J. Pedroza
|
|
|
Batting: LHB Jamel Alexander
|
0-0: Ball 1-0: Foul Ball, location: 2F 1-1: Foul Ball, location: 2F 1-2: Foul Ball, location: 2F 1-2: Ball 2-2: Ground out 6-3 (Groundball, 4MS, EV 72.5 MPH)
|
|
Batting: LHB Dan Bremseth
|
0-0: Ground out 4-3 (Groundball, 4, EV 87.5 MPH)
|
|
Batting: LHB Bayesa Mundhir
|
0-0: Foul Ball, location: 2F 0-1: Called Strike 0-2: Ground out 6-3 (Groundball, 6, EV 90.6 MPH)
|
| Bottom of the 1st over - 0 runs, 0 hits, 0 errors, 0 left on base; Colorado (EL) 0 - Columbia 0 |
| TOP OF THE 2ND |
|
Colorado (EL) Rockies batting - Pitching for Columbia Fireflies : RHP Bryan Dorne
|
|
Batting: LHB Paul McClintock
|
0-0: Foul Ball, location: 2F 0-1: Fly out, F4 (Flyball, 4MD, EV 94.4 MPH)
|
|
Batting: RHB T.J. Williams
|
0-0: Ball 1-0: Called Strike 1-1: Foul Ball, location: 2F 1-2: Ball 2-2: Ball 3-2: Foul Ball, location: 2F 3-2: Foul Ball, location: 2F 3-2: Foul Ball, location: 2F 3-2: DOUBLE (Line Drive, 89D, EV 114.4 MPH)
|
|
Batting: SHB Jeff Sorrels
|
0-0: Ball 1-0: Ball 2-0: Ground out 6-3 (Groundball, 6M, EV 102.5 MPH) T.J. Williams to third
|
|
Batting: LHB Daniel Green
|
0-0: Swinging Strike 0-1: Ball 1-1: TRIPLE (Flyball, 78XD, EV 88.1 MPH) T.J. Williams scores
|
|
Batting: SHB Craig Ruzic
|
0-0: Ball 1-0: Swinging Strike 1-1: Foul Ball, location: 2F 1-2: Ground out 6-3 (Groundball, 6, EV 111.2 MPH)
|
| Top of the 2nd over - 1 run, 2 hits, 0 errors, 1 left on base; Colorado (EL) 1 - Columbia 0 |
| BOTTOM OF THE 2ND |
|
Columbia Fireflies batting - Pitching for Colorado (EL) Rockies : RHP D.J. Pedroza
|
|
Batting: RHB Nate Henderson
|
0-0: Ball 1-0: SINGLE (Groundball, 6MD, EV 96.2 MPH)
|
|
Batting: LHB Tony Leyba
|
0-0: Ball 1-0: Ball 2-0: Ball 3-0: Called Strike 3-1: Grounds into double play, 3-6-3 (Groundball, 3, EV 96.2 MPH)
|
|
Batting: SHB Jerry Burrows
|
0-0: Ball 1-0: Ball 2-0: Ball 3-0: Called Strike 3-1: DOUBLE (Line Drive, 89XD, EV 103.1 MPH)
|
|
Batting: SHB Jason Evans
|
0-0: Ball 1-0: Called Strike 1-1: Ball 2-1: Called Strike 2-2: Strikes out swinging
|
| Bottom of the 2nd over - 0 runs, 2 hits, 0 errors, 1 left on base; Colorado (EL) 1 - Columbia 0 |
| TOP OF THE 3RD |
|
Colorado (EL) Rockies batting - Pitching for Columbia Fireflies : RHP Bryan Dorne
|
|
Batting: RHB Dwane Reed
|
0-0: Ball 1-0: Fly out, F7 (Flyball, 78XD, EV 84.4 MPH)
|
|
Batting: SHB Bobby Santor
|
0-0: Swinging Strike 0-1: Swinging Strike 0-2: Ball 1-2: Foul Ball, location: 2F 1-2: Strikes out swinging
|
|
Batting: SHB Jamie Mims
|
0-0: Fly out, F4 (Line Drive, 4M, EV 75.0 MPH)
|
| Top of the 3rd over - 0 runs, 0 hits, 0 errors, 0 left on base; Colorado (EL) 1 - Columbia 0 |
| BOTTOM OF THE 3RD |
|
Columbia Fireflies batting - Pitching for Colorado (EL) Rockies : RHP D.J. Pedroza
|
|
Batting: RHB Larry Shoop
|
0-0: Fly out, F9 (Flyball, 9S, EV 77.5 MPH)
|
|
Batting: RHB Gary Hills
|
0-0: Foul Ball, location: 2F 0-1: Foul Ball, location: 2F 0-2: Ball 1-2: Fly out, F8 (Flyball, 78XD, EV 87.5 MPH)
|
|
Batting: LHB Jamel Alexander
|
0-0: Swinging Strike 0-1: Foul Ball, location: 2F 0-2: Ball 1-2: SINGLE (Line Drive, 56D, EV 96.9 MPH)
|
|
Batting: LHB Dan Bremseth
|
0-0: Called Strike 0-1: Swinging Strike 0-2: Foul Ball, location: 2F 0-2: Ball 1-2: Foul Ball, location: 2F 1-2: Ball 2-2: Fly out, F4 (Popup, 34, EV 71.9 MPH)
|
| Bottom of the 3rd over - 0 runs, 1 hit, 0 errors, 1 left on base; Colorado (EL) 1 - Columbia 0 |
| TOP OF THE 4TH |
|
Colorado (EL) Rockies batting - Pitching for Columbia Fireflies : RHP Bryan Dorne
|
|
Batting: LHB Mick Tucker
|
0-0: Foul Ball, location: 2F 0-1: Ball 1-1: Foul Ball, location: 2F 1-2: Hit by Pitch
|
|
Batting: LHB Paul McClintock
|
0-0: Ball 1-0: DOUBLE (Groundball, 5L, EV 105.6 MPH) Mick Tucker to third
|
|
Batting: RHB T.J. Williams
|
0-0: Ball 1-0: Fly out, F7 (Flyball, 78M, EV 82.5 MPH)
|
|
Batting: SHB Jeff Sorrels
|
0-0: Ball 1-0: Ground out 6-3 (Groundball, 6, EV 90.0 MPH) Mick Tucker scores
|
|
Batting: LHB Daniel Green
|
0-0: Foul Ball, location: 2F 0-1: Ball 1-1: Foul Ball, location: 2F 1-2: Ball 2-2: Ball 3-2: Strikes out looking
|
| Top of the 4th over - 1 run, 1 hit, 0 errors, 1 left on base; Colorado (EL) 2 - Columbia 0 |
| BOTTOM OF THE 4TH |
|
Columbia Fireflies batting - Pitching for Colorado (EL) Rockies : RHP D.J. Pedroza
|
|
Batting: LHB Bayesa Mundhir
|
0-0: Foul Ball, location: 2F 0-1: Foul Ball, location: 2F 0-2: Foul Ball, location: 2F 0-2: Foul Ball, location: 2F 0-2: Ball 1-2: Foul Ball, location: 2F 1-2: Foul Ball, location: 2F 1-2: Foul Ball, location: 2F 1-2: Ball 2-2: Fly out, F8 (Flyball, 8LM, EV 89.4 MPH)
|
|
Batting: RHB Nate Henderson
|
0-0: Called Strike 0-1: Called Strike 0-2: Foul Ball, location: 2F 0-2: Foul Ball, location: 2F 0-2: Ball 1-2: Ball 2-2: Ball 3-2: Base on Balls
|
|
Batting: LHB Tony Leyba
|
0-0: Ball 1-0: Ball 2-0: Foul Ball, location: 2F 2-1: Ball 3-1: Grounds into double play, 4-6-3 (Groundball, 4, EV 90.0 MPH)
|
| Bottom of the 4th over - 0 runs, 0 hits, 0 errors, 0 left on base; Colorado (EL) 2 - Columbia 0 |
| TOP OF THE 5TH |
|
Colorado (EL) Rockies batting - Pitching for Columbia Fireflies : RHP Bryan Dorne
|
|
Batting: SHB Craig Ruzic
|
0-0: Ball 1-0: Called Strike 1-1: Ball 2-1: Called Strike 2-2: Strikes out swinging
|
|
Batting: RHB Dwane Reed
|
0-0: Ball 1-0: Ball 2-0: Swinging Strike 2-1: Ball 3-1: Foul Ball, location: 2F 3-2: SINGLE (Flyball, 8LS, EV 98.1 MPH)
|
|
Batting: SHB Bobby Santor
|
0-0: Ball Dwane Reed steals 2nd base (no throw) 1-0: Called Strike 1-1: Ball 2-1: Ground out U3 (Groundball, 3, EV 103.8 MPH) Dwane Reed to third
|
|
Batting: SHB Jamie Mims
|
0-0: Foul Ball, location: 2F 0-1: Foul Ball, location: 2F 0-2: Ball 1-2: Ground out 4-3 (Groundball, 34D, EV 98.8 MPH)
|
| Top of the 5th over - 0 runs, 1 hit, 0 errors, 1 left on base; Colorado (EL) 2 - Columbia 0 |
| BOTTOM OF THE 5TH |
|
Columbia Fireflies batting - Pitching for Colorado (EL) Rockies : RHP D.J. Pedroza
|
|
Batting: SHB Jerry Burrows
|
0-0: SINGLE (Line Drive, 89M, EV 91.9 MPH)
|
|
Batting: SHB Jason Evans
|
0-0: Grounds into double play, 4-6-3 (Groundball, 4, EV 90.0 MPH)
|
|
Batting: RHB Larry Shoop
|
0-0: Fly out, F9 (Flyball, 89S, EV 90.0 MPH)
|
| Bottom of the 5th over - 0 runs, 1 hit, 0 errors, 0 left on base; Colorado (EL) 2 - Columbia 0 |
| TOP OF THE 6TH |
|
Colorado (EL) Rockies batting - Pitching for Columbia Fireflies : RHP Bryan Dorne
|
|
Batting: LHB Mick Tucker
|
0-0: Ball 1-0: Ground out 6-3 (Groundball, 6D, EV 103.8 MPH)
|
|
Batting: LHB Paul McClintock
|
0-0: Foul Ball, location: 2F 0-1: Ball 1-1: Ball 2-1: DOUBLE (Line Drive, 3D, EV 108.8 MPH)
|
|
Batting: RHB T.J. Williams
|
0-0: Foul Ball, location: 2F 0-1: Ground out U3 (Groundball, 3, EV 88.8 MPH) Paul McClintock to third
|
|
Batting: SHB Jeff Sorrels
|
0-0: Called Strike 0-1: Ball 1-1: Fly out, F8 (Flyball, 8RM, EV 95.6 MPH)
|
| Top of the 6th over - 0 runs, 1 hit, 0 errors, 1 left on base; Colorado (EL) 2 - Columbia 0 |
| BOTTOM OF THE 6TH |
|
Columbia Fireflies batting - Pitching for Colorado (EL) Rockies : RHP D.J. Pedroza
|
|
Batting: RHB Gary Hills
|
0-0: Ball 1-0: Called Strike 1-1: Ball 2-1: Ball 3-1: Base on Balls
|
|
Pitching: RHP Dane Long
|
|
|
Batting: LHB Jamel Alexander
|
0-0: Ball 1-0: Ball 2-0: Ball 3-0: Called Strike 3-1: Base on Balls Gary Hills to second
|
|
Batting: LHB Dan Bremseth
|
0-0: Ball 1-0: Fly out, F9 (Flyball, 89D, EV 94.4 MPH) Runner from 2nd tags up, SAFE at 3rd, no throw by RF
|
|
Batting: LHB Bayesa Mundhir
|
0-0: Ball 1-0: SINGLE (Groundball, 56, EV 104.4 MPH) Gary Hills scores Jamel Alexander to second
|
|
Batting: RHB Nate Henderson
|
0-0: Called Strike Jamel Alexander steals 3rd base 0-1: Ball 1-1: Called Strike 1-2: Ball 2-2: Ground out 6-3 (Groundball, 6MS, EV 65.0 MPH) Jamel Alexander scores Bayesa Mundhir to second
|
|
Batting: LHB Tony Leyba
|
0-0: Ball 1-0: Ball 2-0: Ball 3-0: Base on Balls
|
|
Batting: SHB Jerry Burrows
|
0-0: Called Strike 0-1: Swinging Strike 0-2: Strikes out swinging
|
| Bottom of the 6th over - 2 runs, 1 hit, 0 errors, 2 left on base; Colorado (EL) 2 - Columbia 2 |
| TOP OF THE 7TH |
|
Colorado (EL) Rockies batting - Pitching for Columbia Fireflies : RHP Bryan Dorne
|
|
Batting: LHB Daniel Green
|
0-0: Ball 1-0: Ball 2-0: Ball 3-0: Called Strike 3-1: Called Strike 3-2: Ground out 4-3 (Groundball, 34, EV 106.9 MPH)
|
|
Batting: SHB Craig Ruzic
|
0-0: Foul Ball, location: 2F 0-1: Ball 1-1: Swinging Strike 1-2: Foul Ball, location: 2F 1-2: Ball 2-2: Foul Ball, location: 2F 2-2: SINGLE (Groundball, 34D, EV 96.9 MPH)
|
|
Pitching: LHP Jimmy Rush
|
|
|
Batting: RHB Dwane Reed
|
0-0: Called Strike 0-1: Ball 1-1: Called Strike 1-2: Hit by Pitch Craig Ruzic to second
|
|
Batting: SHB Bobby Santor
|
0-0: Ball 1-0: Grounds into double play, 4-6-3 (Groundball, 4, EV 103.1 MPH)
|
| Top of the 7th over - 0 runs, 1 hit, 0 errors, 1 left on base; Colorado (EL) 2 - Columbia 2 |
| BOTTOM OF THE 7TH |
|
Columbia Fireflies batting - Pitching for Colorado (EL) Rockies : RHP Dane Long
|
|
Pitching: RHP Michael Conrad
|
|
|
Batting: SHB Jason Evans
|
0-0: Ball 1-0: SINGLE (Line Drive, 78M, EV 87.5 MPH)
|
|
Batting: RHB Larry Shoop
|
0-0: Ball Pickoff Throw by Catcher to First - Out! 1-0: SINGLE (Groundball, 6M, EV 86.2 MPH) (infield hit)
|
|
Batting: RHB Gary Hills
|
|
|
Pinch Hitting: LHB Miguel Ramos
|
0-0: Called Strike Larry Shoop steals 2nd base 0-1: Swinging Strike 0-2: Ball 1-2: Foul Ball, location: 2F 1-2: Ground out 4-3 (Groundball, 4, EV 84.4 MPH) Larry Shoop to third
|
|
Batting: LHB Jamel Alexander
|
0-0: Swinging Strike 0-1: Ball 1-1: Ball 2-1: Foul Ball, location: 2F 2-2: Strikes out swinging
|
| Bottom of the 7th over - 0 runs, 2 hits, 0 errors, 1 left on base; Colorado (EL) 2 - Columbia 2 |
| TOP OF THE 8TH |
|
Colorado (EL) Rockies batting - Pitching for Columbia Fireflies : LHP Jimmy Rush
|
|
Now at SS: David Reyna
|
|
|
Batting: SHB Jamie Mims
|
0-0: Called Strike 0-1: Ball 1-1: Swinging Strike 1-2: Strikes out looking
|
|
Batting: LHB Mick Tucker
|
0-0: Ball 1-0: Foul Ball, location: 2F 1-1: Foul Ball, location: 2F 1-2: SOLO HOME RUN (Flyball, 78XD, EV 99.4 MPH), Distance : 399 ft
|
|
Batting: LHB Paul McClintock
|
0-0: Ball 1-0: SINGLE (Groundball, 6M, EV 100.6 MPH)
|
|
Batting: RHB T.J. Williams
|
0-0: Ball 1-0: Ball 2-0: Ball 3-0: Called Strike 3-1: SINGLE (Line Drive, 6MD, EV 98.1 MPH) Paul McClintock to second Runner from 2nd tries for 3rd, SAFE, throw by CF made to third
|
|
Batting: SHB Jeff Sorrels
|
0-0: Called Strike 0-1: Swinging Strike 0-2: Ball 1-2: Strikes out swinging
|
|
Batting: LHB Daniel Green
|
0-0: Called Strike 0-1: Fielders Choice at 2nd, 5-4 (Groundball, 56, EV 83.8 MPH)
|
| Top of the 8th over - 1 run, 3 hits, 0 errors, 2 left on base; Colorado (EL) 3 - Columbia 2 |
| BOTTOM OF THE 8TH |
|
Columbia Fireflies batting - Pitching for Colorado (EL) Rockies : RHP Michael Conrad
|
|
Pitching: RHP Tsuneyoshi Kubo
|
|
|
Batting: LHB Dan Bremseth
|
0-0: Ball 1-0: Ball 2-0: Foul Ball, location: 2F 2-1: Foul Ball, location: 2F 2-2: Foul Ball, location: 2F 2-2: Foul Ball, location: 2F 2-2: Ball 3-2: Foul Ball, location: 2F 3-2: Base on Balls
|
|
Pinch Runner at 1st Detlef Oursler:
|
|
|
Batting: LHB Bayesa Mundhir
|
0-0: Ball 1-0: Swinging Strike 1-1: Ball 2-1: Ball 3-1: Base on Balls Detlef Oursler to second
|
|
Batting: RHB Nate Henderson
|
0-0: Ball 1-0: Ball 2-0: Ball 3-0: Base on Balls Detlef Oursler to third Bayesa Mundhir to second
|
|
Batting: LHB Tony Leyba
|
0-0: Ball 1-0: Swinging Strike 1-1: Foul Ball, location: 2F 1-2: SINGLE (Groundball, 56D, EV 98.1 MPH) Detlef Oursler scores Bayesa Mundhir to third Nate Henderson to second
|
|
Batting: SHB Jerry Burrows
|
0-0: Ball 1-0: Swinging Strike 1-1: Ball 2-1: SINGLE (Groundball, 34D, EV 98.8 MPH) Bayesa Mundhir scores Nate Henderson to third Tony Leyba to second Runner from 3rd tries for Home, SAFE, throw by RF to home
|
|
Pitching: LHP Jared Lummus
|
|
|
Batting: SHB Jason Evans
|
0-0: Ball 1-0: Grounds into double play, 6-4-3 (Groundball, 6, EV 82.5 MPH) Tony Leyba to third
|
|
Batting: RHB Larry Shoop
|
0-0: Ball 1-0: Foul Ball, location: 2F 1-1: Foul Ball, location: 2F 1-2: Ball 2-2: Ball 3-2: Base on Balls
|
|
Batting: RHB David Reyna
|
0-0: DOUBLE (Flyball, 8RXD, EV 101.9 MPH) Tony Leyba scores Larry Shoop to third Runner from 3rd tries for Home, SAFE, throw by CF to home
|
|
Batting: LHB Jamel Alexander
|
0-0: Swinging Strike 0-1: Foul Ball, location: 2F 0-2: Foul Ball, location: 2F 0-2: Fly out, F8 (Line Drive, 8LM, EV 103.1 MPH)
|
| Bottom of the 8th over - 5 runs, 3 hits, 0 errors, 1 left on base; Colorado (EL) 3 - Columbia 7 |
| TOP OF THE 9TH |
|
Colorado (EL) Rockies batting - Pitching for Columbia Fireflies : LHP Jimmy Rush
|
|
Pitching: RHP Matt Bennett
|
|
|
Now in LF: Detlef Oursler
|
|
|
Batting: SHB Craig Ruzic
|
0-0: Swinging Strike 0-1: Ground out 4-3 (Groundball, 34, EV 84.4 MPH)
|
|
Batting: RHB Dwane Reed
|
0-0: Ball 1-0: Ball 2-0: SINGLE (Groundball, 6MD, EV 102.5 MPH)
|
|
Batting: SHB Bobby Santor
|
0-0: Called Strike 0-1: Swinging Strike 0-2: Ball 1-2: Strikes out swinging
|
|
Batting: SHB Jamie Mims
|
0-0: SINGLE (Groundball, 6M, EV 100.6 MPH) Dwane Reed to second
|
|
Batting: LHB Mick Tucker
|
0-0: Ground out 4-3 (Groundball, 4, EV 86.2 MPH)
|
| Top of the 9th over - 0 runs, 2 hits, 0 errors, 2 left on base; Colorado (EL) 3 - Columbia 7 |
|